 Dungeon Crawl Stone Soup version 0.31.0-11-ge490571c62 (webtiles) character file.

Game seed: 3133038282957681142

147253 tilp the Severer (level 16, -1/147 HPs)
             Began as a Minotaur Berserker on Feb 3, 2024.
             Was a High Priest of Trog.
             Slain by a spatial vortex (6 damage)
             ... summoned by a spatial maelstrom
             ... on level 3 of the Abyss.
             The game lasted 00:29:43 (25081 turns).

tilp the Severer (Minotaur Berserker)              Turns: 25081, Time: 00:29:43

Health: -1/147     AC: 29    Str: 40    XL:     16   Next: 91%
Magic:  5/5        EV: 21    Int:  4    God:    Trog [*****.]
Gold:   1869       SH:  0    Dex: 15    Spells: 15/15 levels left

rFire   . . .        b - +7 executioner's axe of Suoheur {antimagic, *Noise rC+ Dex+4 SInv}
rCold   + . .        (shield currently unavailable)
rNeg    . . .        R - +7 chain mail of Apathy {Will+ Str+5}
rPois   .            s - +2 hat
rElec   .            B - +0 cloak
rCorr   .            S - +2 pair of gloves
SInv    +            x - +2 pair of boots
Will    ++++.        (no amulet) Stlth
                     l - +6 ring of strength
HPRegen 1.44/turn    U - +5 ring of evasion
MPRegen 0.09/turn

%: no passive effects
@: strong-willed, on berserk cooldown, regenerating, slowed, very slow
A: horns 2, retaliatory headbutt
a: Renounce Religion, Berserk, Trog's Hand, Brothers in Arms


You were on level 3 of the Abyss.
You worshipped Trog.
Trog was extremely pleased with you.
You visited 4 branches of the dungeon, and saw 23 of its levels.
You visited the Abyss 1 time.
You also visited: Sewer and Bailey.

You collected 2902 gold pieces.
You spent 1033 gold pieces at shops.

Inventory:

Hand Weapons
 a - a +3 battleaxe of flaming
 b - the +7 executioner's axe of Suoheur (weapon) {antimagic, *Noise rC+ Dex+4 SInv}
   (Trog gifted it to you on level 15 of the Dungeon)

   Dex+4:     It affects your dexterity (+4).
   rC+:       It protects you from cold.
   SInv:      It lets you see invisible.
   *Noise:    It may make a loud noise when swung.
 F - a +4 heavy executioner's axe
 K - the +8 demon trident "Rift" {distort, reach+}
   (You found it on level 3 of the Dungeon)
Missiles
 c - 62 poisoned darts (quivered)
 i - 14 boomerangs
 n - 7 curare-tipped darts {!f}
 q - 4 silver javelins {!f}
 J - 11 throwing nets {!f}
 T - 6 javelins
Armour
 s - a +2 hat (worn)
 t - a +2 buckler
 x - a +2 pair of boots (worn)
 B - a +0 cloak (worn)
 R - the +7 chain mail of Apathy (worn) {Will+ Str+5}
   (You bought it in a shop on level 4 of the Dungeon)

   Str+5:     It affects your strength (+5).
   Will+:     It increases your willpower.
 S - a +2 pair of gloves (worn)
Jewellery
 l - a +6 ring of strength (left hand)
 p - a ring of flight
 U - a +5 ring of evasion (right hand)
Wands
 u - a wand of digging (13)
 y - a wand of charming (28)
 z - a wand of mindburst (14)
 I - a wand of iceblast (18)
 W - a wand of polymorph (4)
 X - a wand of flame (14)
 Z - a wand of acid (4)
Scrolls
 d - 11 scrolls of teleportation
 f - 4 scrolls of fear
 m - 3 scrolls of fog
 r - 3 scrolls of immolation
 v - a scroll of enchant armour
 A - 8 scrolls of poison
 C - 5 scrolls of vulnerability
 L - a scroll of blinking
 N - 2 scrolls of enchant weapon
 Q - 3 scrolls of revelation
 V - a scroll of brand weapon
 Y - a scroll of silence
Potions
 e - 6 potions of attraction
 g - 2 potions of enlightenment
 h - 3 potions of ambrosia
 j - 3 potions of heal wounds
 k - 5 potions of curing
 o - 5 potions of might
 w - 4 potions of mutation
 D - 3 potions of resistance
 E - 3 potions of haste
 G - 2 potions of cancellation
 M - a potion of lignification
 O - a potion of invisibility
 P - 2 potions of berserk rage
Miscellaneous
 H - a phantom mirror


   Skills:
 + Level 14.4 Fighting
 + Level 20.8 Axes
 * Level 11.6 Throwing
 + Level 11.2 Armour
 + Level 12.4 Dodging
 - Level 4.0 Stealth
 - Level 4.0 Shields
 + Level 8.8 Evocations


You had 15 spell levels left.
You didn't know any spells.
Your spell library was empty.

Dungeon Overview and Level Annotations

Branches:
Dungeon (15/15)            Temple (0/1) D:6            Lair (5/5) D:9
 Shoals (0/4) Lair:2        Snake (0/4) Lair:3        Slime (0/5) Lair:5
    Orc (2/2) D:12            Elf (1/3) Orc:2        Vaults (0/5) D:13
 Depths (0/4) D:15          Sewer (visited)          Bailey (visited)

Altars:
Elyvilon
Qazlal
Trog
Uskayaw
The Shining One
Jiyva

Shops:
D:4 [   D:10 [   D:11 *   Orc:1 *   Orc:2 *??*

Portals:
Abyss: D:3
Trove: D:11 (give 3 scrolls of blinking)

Annotations:
Lair:5 anaconda end


Innate Abilities, Weirdness & Mutations

You have a pair of horns on your head.
You reflexively headbutt those who attack you in melee.


Message History

You hold your ground!
The thrashing horror misses you.
Unknown command.
Your skin crawls.
You feel strong-willed.
The thrashing horror closely misses you.
You furiously retaliate!
You headbutt the thrashing horror. The thrashing horror misses you.
The thrashing horror closely misses you.
The thrashing horror misses you.
The spatial maelstrom completely misses you.
You furiously retaliate!
You headbutt the spatial maelstrom!
The spatial maelstrom hits you but does no damage.
The thrashing horror tramples you but does no damage.
The thrashing horror misses you.
The spatial maelstrom barely misses your ogre.
The spatial maelstrom hits your ogre!
Your ogre blinks!
The spatial maelstrom closely misses you.
You furiously retaliate!
You headbutt the spatial maelstrom!
The spatial maelstrom hits you but does no damage.
The thrashing horror closely misses you.
The thrashing horror misses you.
The spatial maelstrom hits you but does no damage.
The spatial maelstrom hits you.
* * * LOW HITPOINT WARNING * * *
You blink.
The thrashing horror tramples you but does no damage.
The thrashing horror misses you. The spatial maelstrom hits you.
* * * LOW HITPOINT WARNING * * *
You blink.
Unknown command.
The spatial vortex attacks as it pursues you!
The spatial vortex hits you!
* * * LOW HITPOINT WARNING * * *
Space warps around you.
* * * LOW HITPOINT WARNING * * *
The spatial vortex hits you!
* * * LOW HITPOINT WARNING * * *
Space warps around you.
You die...

#.....v.†.# ##
#..⌠.O.⌠..##..#
#.........# ..
.
##.vvvvv.##...
. ..
##.vvX.vv## ...
..
##......v###..
#. .
###.vX.v#### ..
....
###.v.v..## ..#
. ####v@...## #
. ## #.vv..## #
##.$..###
###....###
####....###
####....###
###.φ.####
####### ##


You could see 4 spatial maelstroms, 13 spatial vortices, 2 thrashing horrors and
a friendly ogre (summoned, berserk).

Vanquished Creatures
  2 dire elephants (Lair:5)
  Snorg (D:10)
  2 ettins (Orc:2)
  2 fire dragons (D:15)
  3 hydras
  5 centaur warriors
  A catoblepas (D:14)
  5 two-headed ogres
  2 death yaks
  4 orc high priests
  2 occultists
  A thrashing horror (Abyss:3)
  Urug (Lair:5)
  Nergalle (Lair:2)
  2 deep elf knights (Elf:1)
  5 skeletal warriors (D:13)
  4 skysharks
  2 spatial maelstroms (Abyss:3)
  A spectral anaconda (Lair:5)
  Lodul (D:11)
  An arcanist (D:15)
  An obsidian statue (Lair:5)
  4 necromancers (Lair:5)
  7 deep elf zephyrmancers (Elf:1)
  2 deep elf archers (Elf:1)
  10 deep elf pyromancers
  5 orc knights
  An oklob plant (Lair:2)
  A manticore (D:13)
  2 worldbinders (Abyss:3)
  A salamander (Lair:3)
  10 ugly things
  An iron dragon zombie (Abyss:3)
  7 orc sorcerers
  3 cyclopes
  A meliai (shapeshifter) (Abyss:3)
  3 kobold blastminers (Orc:2)
  4 black mambas
  3 meliai (D:14)
  A toenail golem (D:3)
  13 elephants
  A dire elephant zombie (Lair:5)
  3 torpor snails
  14 cane toads
  2 gargoyles
  A rime drake (Lair:3)
  Psyche (D:9)
  3 kobold demonologists (D:10)
  2 tormentors (Abyss:3)
  13 komodo dragons
  10 trolls
  A polar bear (Lair:4)
  A spectral elephant (Lair:5)
  26 blink frogs
  A dream sheep (Lair:3)
  9 slime creatures
  2 wraiths
  An air elemental (Elf:1)
  4 water elementals
  2 shadows
  7 basilisks
  6 wyverns
  A hog (shapeshifter) (Elf:1)
  Grum (D:11)
  62 yaks
  2 spatial vortices (Abyss:3)
  A steam dragon (D:6)
  A chaos spawn (Abyss:3)
  A spectral cane toad (Lair:5)
  4 vampire mosquitoes (D:12)
  4 death yak simulacra (Lair:5)
  3 nagas (Lair:3)
  3 small abominations
  3 acid dragons
  17 water moccasins
  23 orc warriors
  4 laughing skulls
  2 black bears
  A sky beast (D:5)
  2 elephant zombies (Lair:5)
  26 wolves
  13 ogres
  20 centaurs
  The ghost of Yehuk the Trooper, an amateur GrMo (D:3)
  An elephant skeleton (Lair:5)
  2 phantoms
  8 kobold brigands
  7 bullfrogs
  A gnoll sergeant (D:10)
  An earth elemental (Elf:1)
  4 scorpions
  A cane toad simulacrum (Lair:5)
  4 killer bees (D:8)
  2 elephant simulacra (Lair:5)
  8 howler monkeys
  6 electric eels
  7 jellies
  11 hounds
  A gnoll bouda (D:10)
  17 orc priests
  An iron imp (D:3)
  An iguana (D:5)
  28 orc wizards
  2 sleepcaps (D:7)
  17 gnolls
  14 adders
  A dart slug (D:1)
  5 ribbon worms
  85 orcs
  18 endoplasms
  6 giant cockroaches
  13 goblins
  4 hobgoblins
  11 jackals
  14 kobolds
  4 quokkas
  10 ball pythons
  7 bats
  2 frilled lizards (D:3)
  13 rats
770 creatures vanquished.

Vanquished Creatures (collateral kills)
  A bombardier beetle (D:7)
1 creature vanquished.

Vanquished Creatures (others)
  An orc wizard (Orc:2)
1 creature vanquished.

Grand Total: 772 creatures vanquished

Notes
Turn   | Place    | Note
-------+----------+-------------------------------------------
     0 | D:1      | tilp the Minotaur Berserker began the quest for the Orb.
     0 | D:1      | Reached XP level 1. HP: 19/19 MP: 0/0
   119 | D:1      | Reached XP level 2. HP: 26/27 MP: 1/1
   167 | D:1      | Reached skill level 4 in Axes
   746 | D:2      | Reached XP level 3. HP: 32/33 MP: 2/2
   867 | D:2      | Reached ** piety under Trog
   929 | D:2      | Reached skill level 1 in Stealth
  1327 | D:3      | Noticed a toenail golem
  1328 | D:3      | Noticed a small abomination
  1331 | D:3      | Noticed Yehuk's ghost (amateur GrMo)
  1334 | D:3      | Noticed a small abomination
  1348 | D:3      | Found a transporter.
  1350 | D:3      | Found a transporter.
  1350 | D:3      | Found a one-way gate to the infinite horrors of the Abyss.
  1378 | D:3      | Found the +8 demon trident "Rift" {distort, reach+}
  1617 | D:3      | Identified the +5 flail of the Wraith {vamp, rC+}
  1703 | D:3      | Reached XP level 4. HP: 38/40 MP: 3/3
  1903 | D:3      | Found a bloodstained altar of Trog.
  2136 | D:4      | Identified the +6 war axe "Cett" {freeze, Str+5}
  2246 | D:4      | Reached *** piety under Trog
  2247 | D:4      | Reached skill level 5 in Axes
  2385 | D:4      | Reached XP level 5. HP: 38/46 MP: 4/4
  2471 | D:4      | Found Cur Epu's Armour Emporium.
  2856 | D:4      | Noticed an ogre
  2860 | D:4      | Killed an ogre
  2861 | D:4      | Reached XP level 6. HP: 53/53 MP: 5/5
  2878 | D:4      | Reached skill level 6 in Axes
  3026 | D:5      | Entered Level 5 of the Dungeon
  3170 | D:5      | Reached skill level 5 in Fighting
  3235 | D:5      | Reached XP level 7. HP: 36/61 MP: 6/6
  3342 | D:5      | Reached skill level 7 in Axes
  3628 | D:5      | Reached **** piety under Trog
  4005 | D:5      | Reached skill level 8 in Axes
  4005 | D:5      | Reached skill level 5 in Dodging
  4009 | D:5      | Reached XP level 8. HP: 70/70 MP: 7/7
  4392 | D:4      | Bought a +0 hat for 56 gold pieces
  4448 | D:6      | Found a staircase to the Ecumenical Temple.
  4526 | D:6      | Reached skill level 9 in Axes
  4630 | D:6      | Found a glowing drain.
  4637 | Sewer    | Entered a sewer
  5252 | Sewer    | Reached skill level 10 in Axes
  5349 | Sewer    | Reached XP level 9. HP: 72/80 MP: 8/8
  5490 | D:6      | Reached skill level 1 in Shields
  5838 | D:7      | Noticed a troll
  5845 | D:7      | Killed a troll
  5846 | D:7      | Reached skill level 11 in Axes
  6102 | D:7      | Reached skill level 12 in Axes
  6294 | D:7      | Reached skill level 1 in Evocations
  6745 | D:8      | Reached skill level 13 in Axes
  6755 | D:8      | Found a flagged portal.
  6778 | Bailey   | Entered a bailey
  6813 | Bailey   | Noticed an orc knight
  6815 | Bailey   | Found a large runed translucent door.
  6815 | Bailey   | Found a large runed translucent door.
  6816 | Bailey   | Reached ***** piety under Trog
  6825 | Bailey   | Noticed a deep elf pyromancer
  6832 | Bailey   | Killed an orc knight
  6833 | Bailey   | Reached XP level 10. HP: 65/88 MP: 9/9
  6838 | Bailey   | Reached skill level 14 in Axes
  7139 | Bailey   | Killed a deep elf pyromancer
  7151 | Bailey   | Identified the +4 lajatang "Qyserrio" {venom, Int+3}
  7699 | D:8      | Reached skill level 15 in Axes
  8084 | D:9      | Noticed a two-headed ogre
  8089 | D:9      | Killed a two-headed ogre
  8090 | D:9      | Reached skill level 16 in Axes
  8214 | D:9      | Reached skill level 1 in Throwing
  8290 | D:9      | Noticed Psyche
  8296 | D:9      | Killed Psyche
  8298 | D:9      | Reached XP level 11. HP: 95/95 MP: 10/10
  8359 | D:9      | Found a staircase to the Lair.
  8890 | D:10     | Entered Level 10 of the Dungeon
  9073 | D:10     | Reached skill level 5 in Armour
  9073 | D:10     | Noticed a sun demon
  9108 | D:10     | Noticed a centaur warrior
  9110 | D:10     | Noticed Snorg
  9117 | D:10     | Killed a centaur warrior
  9122 | D:10     | Killed Snorg
  9302 | D:10     | Received a gift from Trog
  9534 | D:10     | Noticed a two-headed ogre
  9538 | D:10     | Killed a two-headed ogre
  9730 | D:10     | Noticed a sun demon
  9843 | D:10     | Found Odyaf's Antique Armour Shop.
 10026 | D:11     | Found a stormy altar of Qazlal.
 10028 | D:11     | Noticed Grum
 10029 | D:11     | Noticed Lodul
 10041 | D:11     | Killed Grum
 10046 | D:11     | Killed Lodul
 10053 | D:11     | Reached XP level 12. HP: 11/106 MP: 11/11
 10384 | D:11     | Reached skill level 10 in Fighting
 10751 | D:11     | Found Soamifoc's Assorted Antiques.
 10754 | D:11     | Bought a bubbling purple potion for 22 gold pieces
 10754 | D:11     | Bought a bubbling amethyst potion for 22 gold pieces
 10754 | D:11     | Bought a puce potion for 22 gold pieces
 10870 | D:11     | Found a portal to a secret trove of treasure.
 11093 | D:4      | Bought the +7 chain mail of Apathy {Will+ Str+5} for 876
                  | gold pieces
 11325 | Lair:1   | Entered Level 1 of the Lair of Beasts
 11412 | Lair:1   | You fall into a shaft and drop 1 floor!
 11414 | Lair:2   | Noticed Nergalle
 11427 | Lair:2   | Killed Nergalle
 11428 | Lair:2   | Reached skill level 5 in Throwing
 11428 | Lair:2   | Reached skill level 5 in Evocations
 11496 | Lair:2   | Found a glowing golden altar of the Shining One.
 11511 | Lair:2   | Identified the +5 falchion "Forphud" {drain, ^Drain rC+
                  | SInv Stlth+}
 11757 | Lair:2   | Found a staircase to the Shoals.
 12048 | Lair:2   | Noticed a four-headed hydra
 13219 | Lair:1   | Reached XP level 13. HP: 116/116 MP: 12/12
 13220 | Lair:1   | Reached skill level 17 in Axes
 13220 | Lair:1   | Reached skill level 10 in Dodging
 13220 | Lair:1   | Reached XP level 14. HP: 126/126 MP: 13/13
 13277 | Lair:3   | Received a gift from Trog
 13336 | Lair:3   | Reached skill level 18 in Axes
 14283 | Lair:3   | Reached skill level 19 in Axes
 14459 | Lair:3   | Found a staircase to the Snake Pit.
 14855 | Lair:4   | Reached XP level 15. HP: 110/132 MP: 14/14
 15230 | Lair:4   | Reached skill level 20 in Axes
 15760 | Lair:5   | Entered Level 5 of the Lair of Beasts
 16128 | Lair:5   | Received a gift from Trog
 16170 | Lair:5   | Found a staircase to the Slime Pits.
 16172 | Lair:5   | Found a viscous altar of Jiyva.
 16173 | Lair:5   | Reached ****** piety under Trog
 16487 | Lair:5   | Noticed Urug
 16501 | Lair:5   | Killed Urug
 17062 | D:12     | Found a staircase to the Orcish Mines.
 17297 | D:12     | Received a gift from Trog
 18063 | Orc:1    | Entered Level 1 of the Orcish Mines
 18249 | Orc:1    | Found Somul's General Store.
 18412 | Orc:2    | Entered Level 2 of the Orcish Mines
 18412 | Orc:2    | Found a staircase to the Elven Halls.
 18990 | Orc:2    | Received a gift from Trog
 19042 | Orc:2    | Found Idodoese's Assorted Antiques.
 19293 | Orc:2    | Found Tesyu's Assorted Antiques.
 19293 | Orc:2    | Found Numn's Magic Scroll Emporium.
 19298 | Orc:2    | Found Woett's Magic Scroll Shop.
 19300 | Orc:2    | Bought a scroll labelled QUAKHL KETEU for 35 gold pieces
 19790 | D:13     | Reached XP level 16. HP: 136/144 MP: 15/15
 19914 | D:13     | Found a white marble altar of Elyvilon.
 19959 | D:13     | Reached skill level 10 in Armour
 20097 | D:13     | Reached skill level 10 in Throwing
 20445 | D:13     | Found a gate to the Vaults.
 21114 | D:14     | Found a viscous altar of Jiyva.
 21551 | D:15     | Entered Level 15 of the Dungeon
 21930 | D:15     | Found a hide-covered altar of Uskayaw.
 21997 | D:15     | Identified the +7 executioner's axe of Suoheur {antimagic,
                  | *Noise rC+ Dex+4 SInv} (Trog gifted it to you on level 15
                  | of the Dungeon)
 21997 | D:15     | Received a gift from Trog
 22241 | D:15     | Found a staircase to the Depths.
 22727 | D:3      | Killed Yehuk's ghost
 24096 | Elf:1    | Entered Level 1 of the Elven Halls
 24173 | Elf:1    | Paralysed by an air elemental for 1 turns
 24482 | Elf:1    | Received a gift from Trog
 25019 | Abyss:3  | Cast into level 3 of the Abyss (an occultist)
 25020 | Abyss:3  | Found a corrupted altar of Lugonu.
 25081 | Abyss:3  | HP: 5/147 [spatial vortex[a spatial maelstrom] (8)]
 25081 | Abyss:3  | Slain by a spatial vortex

Illustrated notes

Levels and vault maps discovered:
D:1:      eino_arrival_tree_alley, layout_basic, serial_bayou_pond_e,
          minmay_pentomino_t4
D:2:      layout_rooms
D:3:      layout_basic, pf_just_have_faith, gammafunk_ghost_abyssal_escape,
          chequers_serial_rivers_large_b, st_stairs_2, minmay_distorted
D:4:      minmay_evil_eye, layout_loops_corners, serial_shops,
          nicolae_shop_temple_entry_statues_fountains
D:5:      layout_layer_cave
D:6:      layout_basic, minmay_temple_entry_purple_smoke,
          gup_sewer_entry_bubbles, kennysheep_crisscross
D:7:      layout_rooms
D:8:      layout_loops_corners, enter_bailey_5
D:9:      layout_irregular_city, erik_lair_dragon, uniq_psyche
D:10:     layout_cave_pools, serial_gnoll_camp, gnoll_camp_mini_shop,
          gnoll_camp_mini_loothouse, gnoll_camp_mini_doghouse,
          gnoll_camp_medium_02, minmay_between, uniq_snorg
D:11:     layout_rooms, nicolae_trove_entry_columns, serial_shops,
          nicolae_shop_tiny_real_fake_doors, nicolae_qazlal_style_of_elements,
          uniq_grum, uniq_lodul
D:12:     layout_stronghold, david_orc_5
D:13:     layout_rooms, hellmonk_vaults_attempted_burglary, chequers_big_river,
          elyvilon_altar_5
D:14:     layout_basic, grunt_decor_arrowhead, jiyva_altar_1
D:15:     grunt_enter_depths_hoard, layout_rooms, nicolae_uskayaw_en_pointe
Lair:1:   layout_misc_corridors, lemuel_fruit_tree
Lair:2:   layout_chaotic_city, elwin_shoals_entry_rooms, basic_altar,
          minmay_lair_oklob_items, uniq_nergalle
Lair:3:   nzn_winding_woodlands_cross [nzn_winding_woodlands_5x15_eye,
          nzn_winding_woodlands_5x15_river_crossing,
          nzn_winding_woodlands_5x15_pathside_ponds,
          nzn_winding_woodlands_5x15_crooked,
          nzn_winding_woodlands_15x15_eel_pit], layout_cave_shapes,
          alex1729_snake_entry_snake
Lair:4:   layout_gridlike
Lair:5:   due_jungle_book, layout_big_grid, nicolae_slime_entry_slimehenge,
          serial_bayou_shore_a, grunt_megastairs_2, uniq_urug
Orc:1:    layout_caves, serial_shops, shop
Orc:2:    st_orc_elflike, layout_caves
Elf:1:    eino_elf_arrival_sip, layout_gridlike, hangedman_elf_disciples
Abyss:3:  base: Lair:2, evilmike_nicolae_abyss_rune_containment_curve,
          hangedman_stitches_earthworm,
          evilmike_nicolae_abyss_rune_containment_curve, hangedman_eye_storm

Skill      XL: |  1  2  3  4  5  6  7  8  9 10 11 12 13 14 15 16 |
---------------+-------------------------------------------------+-----
Axes           | 4 5 6 8 10 13 16 17 19 20 | 20.8
Armour         | 3 4 6 8 9 11 | 11.2
Stealth        | 1 2 4 |  4.0
Fighting       | 4 5 6 7 8 9 11 12 13 14 | 14.4
Dodging        | 3 4 5 6 7 9 10 11 12 | 12.4
Shields        | 2 4 |  4.0
Evocations     | 2 4 6 7 8 |  8.8
Throwing       | 1 4 6 9 11 | 11.6

Action                     |  1- 3 |  4- 6 |  7- 9 | 10-12 | 13-15 | 16-18 || total
---------------------------+-------+-------+-------+-------+-------+-------++-------
  Melee: Hand axe          |    92 |    18 |       |       |       |       ||   110
         Headbutt          |    12 |     9 |    18 |    58 |    99 |    70 ||   266
         War axe           |       |    46 |   235 |   299 |       |       ||   580
         Battleaxe         |       |       |       |    27 |   487 |   305 ||   819
         Executioner's axe |       |       |       |       |       |    26 ||    26
 Invoke: Berserk           |       |     1 |     5 |     5 |     2 |     5 ||    18
         Brothers in Arms  |       |       |     1 |       |       |     1 ||     2
         Trog's Hand       |       |       |       |     4 |     1 |     2 ||     7
    Use: Scroll            |     6 |     7 |     7 |    11 |     5 |       ||    36
         Potion            |       |       |       |     2 |     1 |     2 ||     5
 Armour: Animal skin       |    20 |       |       |       |       |       ||    20
         Ring mail         |    31 |    40 |   110 |       |       |       ||   181
         Scale mail        |       |       |    22 |   127 |       |       ||   149
         Chain mail        |       |       |       |    52 |   313 |   219 ||   584
  Dodge: Dodged            |    64 |    31 |   121 |   117 |   262 |   242 ||   837
  Block: Buckler           |       |       |    33 |    58 |       |       ||    91
